 Dungeon Crawl Stone Soup version 0.25-a0-822-g6581751b11 (webtiles) character file.

Game seed: 9410831577067752504, levelgen mode: deterministic

12506 sanka the Frost Mage (level 11, -5/138 (139) HPs)
             Began as a Barachi Ice Elementalist on Apr 20, 2020.
             Was a Priest of Vehumet.
             Slain by a rakshasa
             ... wielding a +0 trident
              (14 damage)
             ... on level 13 of the Dungeon.
             The game lasted 00:39:29 (12638 turns).

sanka the Frost Mage (Barachi Ice Elementalist)    Turns: 12638, Time: 00:39:30

HP:   -5/138 (139)  AC: 16    Str:  8    XL:     11   Next: 94%
MP:   19/23         EV: 21    Int: 18    God:    Vehumet [***...]
Gold: 244           SH:  0    Dex: 19    Spells: 11/26 levels left

rFire    x . .     SeeInvis .   b - +0 glaive
rCold    + + .     Gourm    .   (shield currently unavailable)
rNeg     + . .     Faith    .   u - +2 robe {rC+}
rPois    +         Spirit   .   (no helmet)
rElec    .         Reflect  .   O - +2 ratskin cloak {+Rats rPois rN+ Str-1 Int-1 Dex+1}
rCorr    .         Harm     .   M - +0 pair of gloves
MR       .....                  (no boots)
Stlth    ..........             f - amulet of regeneration
HPRegen  0.73/turn              h - +5 ring of dexterity
MPRegen  0.18/turn              s - ring of ice

@: berserking (expiring), icy armour, frozen ramparts, very quick
A: +LOS, swims, slowness 1, strong legs 1
a: Hop, Renounce Religion, Evoke Ratskin


You were on level 13 of the Dungeon.
You worshipped Vehumet.
Vehumet was most pleased with you.
You were hungry.

You visited 2 branches of the dungeon, and saw 14 of its levels.

You collected 580 gold pieces.
You spent 336 gold pieces at shops.


Innate Abilities, Weirdness & Mutations

You can be seen from farther away. (+LOS)
You can swim through water.
You cover ground slowly.
You can hop short distances.


   Skills:
 + Level 11.3 Fighting
 + Level 10.9 Dodging
 - Level 1.7 Stealth
 - Level 8.0 Spellcasting
 - Level 4.0 Conjurations
 - Level 2.0 Summonings
 - Level 12.0 Ice Magic


You had 11 spell levels left.
You knew the following spells:

 Your Spells              Type           Power        Failure   Level  Hunger
a - Ozocubu's Armour      Chrm/Ice       #####...     2%          3    #......
u - Hailstorm             Conj/Ice       ######..     1%          4    ###....
x - Summon Ice Beast      Ice/Summ       #####...     5%          4    ###....
y - Frozen Ramparts       Ice            ######       1%          3    #......
z - Freeze                Ice            ####         1%          1    None

Your spell library contained the following spells:

 Spells                   Type           Power        Failure   Level  Hunger
 Inner Flame              Hex/Fire       #.......     8%          3    #......
 Summon Small Mammal      Summ           ##..         4%          1    None
 Mephitic Cloud           Conj/Pois/Air  ##......     4%          3    #......
 Ignite Poison            Fire/Tmut/Pois #.......     8%          3    #......
 Animate Skeleton         Necr           N/A          10%         1    None
 Apportation              Tloc           #.....       10%         1    None
 Corona                   Hex            #......      10%         1    None
 Sting                    Tmut/Pois      #...         10%         1    None
 Poisonous Vapours        Pois/Air       #.....       14%         2    None
 Olgreb's Toxic Radiance  Pois           #.......     24%         4    ###....

Inventory:

Hand Weapons
 a - a +0 hunting sling
 b - a +0 glaive (weapon)
 T - a +0 long sword of venom
Missiles
 j - 320 stones (quivered)
 N - 3 throwing nets {=f}
Armour
 u - a +2 robe of cold resistance (worn)
 M - a +0 pair of gloves (worn)
 O - the +2 ratskin cloak (worn) {+Rats rPois rN+ Str-1 Int-1 Dex+1}

   It affects your strength (-1).
   It affects your intelligence (-1).
   It affects your dexterity (+1).
   It protects you from poison.
   It protects you from negative energy.
Magical Staves
 n - an uncursed staff of fire
 Y - an uncursed staff of air
Jewellery
 e - a +3 amulet of reflection
 f - an amulet of regeneration (around neck)
 h - a +5 ring of dexterity (left hand)
 m - an uncursed ring of poison resistance
 s - a ring of ice (right hand)
 y - an uncursed ring of stealth
 K - a +1 ring of protection
 R - an uncursed ring of flight
 S - an uncursed amulet of guardian spirit
 V - a +4 ring of intelligence
Wands
 v - a wand of clouds (11)
 w - a wand of random effects (11)
 H - a wand of acid (4)
 U - a wand of polymorph (9)
 W - a wand of flame (40)
 Z - a wand of iceblast (11)
Scrolls
 k - 8 scrolls of amnesia
 l - 5 scrolls of enchant armour
 p - 11 scrolls of remove curse
 x - 2 scrolls of enchant weapon
 A - 4 scrolls of fog
 C - 7 scrolls of teleportation {@r4}
 D - a scroll of summoning
 E - 3 scrolls of fear
 I - a scroll of immolation {!r}
 P - a scroll of magic mapping
Potions
 d - a potion of magic {unknown}
 g - 2 potions of stabbing {unknown}
 i - a potion of brilliance {unknown}
 o - 5 potions of haste {@q3}
 q - a potion of resistance {unknown}
 r - 4 potions of curing {@q1}
 t - 2 potions of degeneration {unknown}
 z - 3 potions of might
 F - a potion of lignification {unknown}
 J - a potion of mutation {unknown}
 L - 2 potions of heal wounds {@q2}
 Q - a potion of cancellation {unknown}
 X - 2 potions of flight {unknown}
Comestibles
 c - 15 rations

Dungeon Overview and Level Annotations

Branches:
Dungeon (13/15)            Temple (1/1) D:7            Lair (0/6) D:10
    Orc (0/2) D:10
 Vaults: D:13-14

Altars:
Ashenzari
Cheibriados
Dithmenos
Elyvilon
Fedhas
Gozag
Hepliaklqana
Kikubaaqudgha
Makhleb
Nemelex Xobeh
Okawaru
Qazlal
Ru
Sif Muna
Trog
Uskayaw
Vehumet
Wu Jian
Xom
Yredelemnul
Zin
The Shining One

Shops:
D:5 (( D:7

? ▒.....▒ ▒......
▒.....▒ ▒..(...
▒.....▒▒▒▒▒▒ ▒......
▒..........▒▒▒▒......
▒.....▒▒▒▒....+......
▒.▒▒.....▒
▒▒▒▒▒▒......
▒........▒ ▒......
▒▒▒▒.....▒ ▒......
▒▒▒▒F▒▒ ▒▒▒▒▒'▒
▒▒RZ.▒ ▒▒▒▒[..▒
▒RR▒▒▒ ▒....▒▒▒ ▒B▒▒
▒.▒▒▒▒ ▒.B........ ▒.
▒.......... ..
+.......... ▒..
▒...c...... ▒..
▒.......... ▒..


You could see 3 rakshasas, 2 soldier ants and a centaur warrior skeleton.


Message History

You slash the centaur warrior skeleton!
The centaur warrior skeleton is moderately damaged.
The centaur warrior skeleton resists.
The wall freezes the centaur warrior skeleton.
The centaur warrior skeleton completely misses you.
The wall freezes the rakshasa.
The rakshasa barely misses you.
Unknown command.
Unknown command.
You slash the centaur warrior skeleton!
The centaur warrior skeleton is heavily damaged.
The centaur warrior skeleton resists.
The wall freezes the centaur warrior skeleton.
The centaur warrior skeleton closely misses you.
The wall freezes the rakshasa.
The rakshasa misses you.
The wall freezes the rakshasa!
The rakshasa hits you but does no damage.
The centaur warrior skeleton resists.
The wall freezes the centaur warrior skeleton.
The centaur warrior skeleton misses you.
Unknown command.
You slash the centaur warrior skeleton!
The centaur warrior skeleton is severely damaged.
The centaur warrior skeleton completely resists.
The wall freezes the centaur warrior skeleton but do no damage.
The centaur warrior skeleton completely misses you.
The wall freezes the rakshasa.
The rakshasa hits you from afar with a +0 trident!
You die...

Action                   |  1- 3 |  4- 6 |  7- 9 | 10-12 || total
-------------------------+-------+-------+-------+-------++-------
Melee: Unarmed           |     3 |       |       |       ||     3
       Club              |     9 |       |       |       ||     9
       Short sword       |     4 |       |       |       ||     4
       Rapier            |       |    16 |       |       ||    16
       Dagger            |       |     1 |       |       ||     1
       Glaive            |       |       |    48 |   104 ||   152
 Fire: Hunting sling     |     4 |    66 |   252 |   106 ||   428
 Cast: Freeze            |    53 |    28 |    98 |   143 ||   322
       Frozen Ramparts   |       |     9 |    25 |    29 ||    63
       Ozocubu's Armour  |       |     5 |    24 |    23 ||    52
       Summon Ice Beast  |       |       |     3 |    12 ||    15
       Hailstorm         |       |       |     1 |     4 ||     5
 Abil: Hop               |       |     1 |       |     1 ||     2
Evoke: Wand              |       |       |     2 |     2 ||     4
  Use: Scroll            |       |       |     9 |     4 ||    13
 Stab: Distracted        |       |       |     1 |     1 ||     2
  Eat: Chunk             |     3 |     6 |    22 |    16 ||    47
Armor: Robe              |    16 |     5 |    22 |   118 ||   161
Dodge: Dodged            |    41 |    23 |   126 |   402 ||   592
Block: Other             |    14 |     8 |    16 |       ||    38
       Reflection        |     1 |       |     2 |       ||     3

Levels and vault maps discovered:
D:1:      ncdulo_wetmaze, layout_basic, hex_intersection
D:2:      layout_rooms
D:3:      layout_rooms, xom_teletrap_fun, minitemple, uniq_terence,
          uniq_sigmund, uniq_ijyb
D:4:      layout_loops_ring, first_ration, amethyst_killhole, uniq_blork_the_orc
D:5:      layout_basic, kennysheep_mini_moat, basic_altar, serial_shops, shop,
          shop_fountains, roderic_cross_of_infinity, minmay_misc_feat_alley,
          uniq_edmund
D:6:      layout_rooms
D:7:      wander_guarded_unrand_ratskin, layout_basic,
          minmay_temple_entry_mini_moons, serial_shops, kennysheep_little_box
D:8:      layout_loops_corners, uniq_harold
D:9:      layout_rooms, lemuel_crystal_altar
D:10:     layout_gridville, lair_entry_dummy, david_orc_3, uniq_maurice
D:11:     layout_basic, the_bakery, nicolae_dithmenos_shadow_blocks
D:12:     layout_loops_ring, kennysheep_generic_room_9, uniq_rupert, uniq_sonja
D:13:     layout_roguey, trog_ov_bears_minmay, uniq_nessos
Temple:   eino_temple_lava

Notes
Turn   | Place    | Note
-------+----------+-------------------------------------------
     0 | D:1      | sanka the Barachi Ice Elementalist began the quest for the
                  | Orb.
     0 | D:1      | Reached XP level 1. HP: 13/13 MP: 3/3
   128 | D:1      | Reached XP level 2. HP: 13/19 MP: 1/5
   225 | D:1      | Reached skill level 3 in Spellcasting
   947 | D:1      | Reached XP level 3. HP: 24/24 MP: 6/8
  1028 | D:1      | Learned a level 3 spell: Frozen Ramparts
  1032 | D:1      | Learned a level 3 spell: Ozocubu's Armour
  1391 | D:2      | Reached skill level 4 in Spellcasting
  1616 | D:2      | Reached skill level 5 in Ice Magic
  1819 | D:2      | Reached XP level 4. HP: 30/30 MP: 7/10
  2152 | D:3      | Noticed Sigmund
  2159 | D:3      | Killed Sigmund
  2159 | D:3      | Reached skill level 7 in Ice Magic
  2159 | D:3      | Reached XP level 5. HP: 17/35 MP: 0/11
  2327 | D:3      | Learned a level 4 spell: Summon Ice Beast
  2414 | D:3      | Reached XP level 6. HP: 36/41 MP: 7/12
  2420 | D:3      | Reached skill level 1 in Fighting
  2420 | D:3      | Reached skill level 1 in Summonings
  2425 | D:3      | HP: 1/43 [orc/boomerang (6)]
  2793 | D:3      | Found a shimmering altar of Xom.
  2803 | D:3      | Noticed Terence
  2812 | D:3      | Killed Terence
  2963 | D:3      | Noticed Ijyb
  2976 | D:3      | Killed Ijyb
  3071 | D:3      | Found a hazy altar of Hepliaklqana.
  3074 | D:3      | Found a sparkling altar of Nemelex Xobeh.
  3077 | D:3      | Found an opulent altar of Gozag.
  3078 | D:3      | Found a sacrificial altar of Ru.
  3079 | D:3      | Found a blossoming altar of Fedhas.
  3264 | D:4      | Noticed a phantom
  3345 | D:4      | Killed a phantom
  3345 | D:4      | Reached skill level 2 in Fighting
  3345 | D:4      | Reached skill level 3 in Dodging
  3345 | D:4      | Reached skill level 2 in Summonings
  3345 | D:4      | Reached XP level 7. HP: 16/50 MP: 1/13
  3730 | D:4      | Reached skill level 8 in Ice Magic
  3933 | D:4      | Reached skill level 3 in Fighting
  4402 | D:4      | Reached skill level 4 in Dodging
  4604 | D:4      | Noticed Blork the orc
  4616 | D:4      | Killed Blork the orc
  4616 | D:4      | Reached XP level 8. HP: 53/59 MP: 5/14
  4772 | D:5      | Entered Level 5 of the Dungeon
  4772 | D:5      | Found Tiagg's Antique Weapon Boutique.
  5079 | D:5      | Reached skill level 4 in Fighting
  5085 | D:5      | Found an ancient bone altar of Kikubaaqudgha.
  5317 | D:5      | Reached skill level 5 in Spellcasting
  5454 | D:5      | Noticed Edmund
  5473 | D:5      | Killed Edmund
  5608 | D:5      | Found a glowing golden altar of the Shining One.
  5620 | D:5      | Found Virekead's Antique Weapon Emporium.
  5740 | D:6      | Reached skill level 9 in Ice Magic
  5744 | D:6      | Reached skill level 5 in Dodging
  5821 | D:6      | Reached skill level 5 in Fighting
  5890 | D:6      | HP: 3/62 [orc priest/+0 morningstar (12)]
  6296 | D:6      | Reached XP level 9. HP: 68/68 MP: 13/17
  6440 | D:6      | Reached skill level 6 in Spellcasting
  6618 | D:6      | Learned a level 4 spell: Hailstorm
  7084 | D:7      | Reached skill level 6 in Dodging
  7084 | D:7      | Reached skill level 1 in Conjurations
  7126 | D:7      | Found a staircase to the Ecumenical Temple.
  7137 | D:7      | Reached skill level 6 in Fighting
  7273 | Temple   | Entered the Ecumenical Temple
  7281 | Temple   | Became a worshipper of Vehumet
  7536 | D:7      | Reached skill level 2 in Conjurations
  7609 | D:7      | Reached skill level 10 in Ice Magic
  7787 | D:7      | Reached * piety under Vehumet
  7787 | D:7      | Offered knowledge of Sandblast by Vehumet.
  7883 | D:7      | Found the +2 ratskin cloak {+Rats rPois rN+ Str-1 Int-1
                  | Dex+1}
  8125 | D:7      | Found Osoimic's Magic Scroll Shoppe.
  8130 | D:7      | Bought a scroll of identify for 28 gold pieces
  8130 | D:7      | Bought a scroll of summoning for 133 gold pieces
  8130 | D:7      | Bought a scroll of teleportation for 42 gold pieces
  8130 | D:7      | Bought a scroll of magic mapping for 49 gold pieces
  8130 | D:7      | Bought a scroll of identify for 28 gold pieces
  8130 | D:7      | Bought a scroll of identify for 28 gold pieces
  8130 | D:7      | Bought a scroll of identify for 28 gold pieces
  8500 | D:8      | Noticed a two-headed ogre
  8513 | D:8      | Killed a two-headed ogre
  8513 | D:8      | Reached skill level 7 in Fighting
  8513 | D:8      | Reached skill level 3 in Conjurations
  8697 | D:8      | Reached skill level 7 in Dodging
  8697 | D:8      | Reached XP level 10. HP: 58/79 MP: 15/19
  8957 | D:8      | Noticed Harold
  8965 | D:8      | Killed Harold
  8965 | D:8      | Reached skill level 4 in Conjurations
  9402 | D:8      | Reached skill level 7 in Spellcasting
  9565 | D:9      | Reached skill level 8 in Fighting
  9568 | D:9      | Reached skill level 8 in Dodging
  9568 | D:9      | Reached skill level 11 in Ice Magic
  9652 | D:9      | Found a basalt altar of Yredelemnul.
  9831 | D:9      | Noticed a two-headed ogre
  9840 | D:9      | Killed a two-headed ogre
 10299 | D:10     | Entered Level 10 of the Dungeon
 10308 | D:10     | Reached XP level 11. HP: 74/86 MP: 14/22
 10381 | D:10     | Found a staircase to the Lair.
 10460 | D:10     | Reached skill level 8 in Spellcasting
 10512 | D:10     | Noticed Maurice
 10527 | D:10     | Killed Maurice
 10527 | D:10     | Reached skill level 9 in Fighting
 10765 | D:10     | Reached skill level 9 in Dodging
 10873 | D:10     | Found a staircase to the Orcish Mines.
 10912 | D:10     | Noticed a two-headed ogre
 10928 | D:10     | Killed a two-headed ogre
 10954 | D:10     | Reached ** piety under Vehumet
 10957 | D:10     | Offered knowledge of Foxfire by Vehumet.
 11233 | D:10     | Reached skill level 12 in Ice Magic
 11638 | D:11     | Offered knowledge of Inner Flame by Vehumet.
 11733 | D:11     | Noticed a cyclops
 11747 | D:11     | Killed a cyclops
 11747 | D:11     | Reached skill level 10 in Fighting
 11979 | D:13     | Noticed a manticore
 11993 | D:13     | Killed a manticore
 11993 | D:13     | Reached skill level 10 in Dodging
 12188 | D:13     | Noticed a centaur warrior
 12206 | D:13     | Killed a centaur warrior
 12274 | D:13     | Found a bloodstained altar of Trog.
 12283 | D:13     | Reached *** piety under Vehumet
 12313 | D:12     | Reached skill level 11 in Fighting
 12620 | D:13     | Noticed Nessos
 12627 | D:13     | Noticed a rakshasa
 12629 | D:13     | Noticed Nessos
 12629 | D:13     | Nessos changed into Nessos the moth of wrath
 12632 | D:13     | HP: 5/92 [Nessos the moth of wrath (21)]
 12635 | D:13     | Killed Nessos the moth of wrath
 12638 | D:13     | Slain by a rakshasa

Vanquished Creatures
  Harold (D:8)
  A centaur warrior (D:13)
  A two-headed ogre (D:9)
  A moth of wrath (D:13)
  A manticore (D:13)
  Maurice (D:10)
  A cyclops (D:11)
  A troll (D:9)
  A hornet (D:13)
  A polar bear (D:13)
  A meliai zombie (D:13)
  A hippogriff (D:8)
  Sigmund (D:3)
  6 yaks (D:9)
  A hungry ghost (D:11)
  Edmund (D:5)
  A warg (D:10)
  An acid dragon (D:13)
  A soldier ant (D:13)
  6 orc warriors
  An ice beast (D:7)
  2 black bears
  3 phantoms
  A sky beast (D:7)
  2 necrophages
  7 ogres
  2 centaurs
  A nameless horror (D:13)
  A big kobold (D:10)
  Blork the orc (D:4)
  5 bullfrogs
  2 scorpions
  6 killer bees (D:10)
  A howler monkey (D:6)
  A bullfrog zombie (D:13)
  A crimson imp (D:10)
  A centaur zombie (D:8)
  12 orc wizards
  3 centaur skeletons
  12 orc priests
  2 hounds
  Terence (D:3)
  A bullfrog skeleton (D:9)
  4 iguanas
  Ijyb (D:3)
  3 hell rats (D:7)
  8 worker ants
  3 hound zombies
  A worker ant zombie (D:6)
  10 adders
  4 river rats (D:7)
  3 shadow imps
  An adder skeleton (D:7)
  2 adder zombies (D:9)
  4 worms
  A leopard gecko (D:2)
  52 orcs
  6 bats
  6 giant cockroaches
  7 goblins
  10 hobgoblins
  8 jackals
  7 kobolds
  2 quokkas (D:2)
  A ball python (D:3)
  4 frilled lizards
  2 jackal skeletons
  A quokka skeleton (D:8)
  A quokka zombie (D:8)
  22 rats
273 creatures vanquished.

Vanquished Creatures (collateral kills)
  2 two-headed ogres
  A troll (D:13)
  A polar bear (D:13)
  A wraith (D:13)
  2 hungry ghosts
  A necrophage (D:9)
  A scorpion (D:9)
  3 orcs
12 creatures vanquished.

Grand Total: 285 creatures vanquished
